 Dungeon Crawl Stone Soup version 0.16-a0-1009-g0339a9e (webtiles) character file.

90 Tyryt the Skirmisher (level 4, 0/37 HPs)
             Began as a Demonspawn Abyssal Knight on Oct 3, 2014.
             Was a Believer of Lugonu.
             Killed by divine providence
             ... invoked by an orc priest
              (13 damage)
             ... on Level 3 of the Dungeon.
             The game lasted 00:22:20 (1268 turns).

Tyryt the Skirmisher (Demonspawn Abyssal Knight)    Turns: 1268, Time: 00:22:21

HP   0/37        AC  5     Str 14      XL: 4   Next: 32%
MP   6/6         EV  9     Int 13      God: Lugonu [**....]
Gold 123         SH  0     Dex 12      Spells:  0 memorised,  3 levels left

rFire  . . .     SeeInvis .     a - +1 falchion
rCold  . . .     Clarity  .     m - +0 ring mail
rNeg   . . .     rCorr    .     (no shield)
rPois  .         rRot     .     (helmet restricted)
rElec  .         Spirit   .     (no cloak)
SustAb .         Warding  .     (no gloves)
rMut   .         Stasis   .     (no boots)
Gourm  .                        (no amulet)
MR     .....                    (no ring)
                                (no ring)

@: not resistant to hostile enchantments, very unstealthy
A: horns 1, powered by pain 1
a: Depart the Abyss, Bend Space, Renounce Religion


You were on level 3 of the Dungeon.
You worshipped Lugonu.
Lugonu was pleased with you.
You were not hungry.

You visited 1 branch of the dungeon, and saw 3 of its levels.
You visited the Abyss 1 time.

You collected 123 gold pieces.

Inventory:

Hand weapons
 a - a +1 falchion (weapon)
 d - a +0 mace
 e - a cursed -2 dagger
 k - a +0 dagger
 n - a cursed -2 club
 o - a +0 club
 t - a +2 dagger of freezing
 x - a +0 dagger
 A - a +0 whip
 D - a +0 dagger
 F - a +0 mace
Missiles
 f - 74 stones (quivered)
 g - 9 poisoned arrows
 p - 16 bolts of flame
 w - 23 bolts
Armour
 b - a +0 leather armour
 j - a +0 robe
 m - a +0 ring mail (worn)
 q - a +0 robe
 u - a +0 chain mail
 E - a +0 robe
Comestibles
 c - a bread ration
 l - 6 fruits
 r - a beef jerky
 s - a meat ration
 G - a slice of pizza
Scrolls
 i - a scroll of remove curse {unknown}
 z - a scroll of identify {unknown}
Jewellery
 y - a cursed ring of wizardry {unknown}
Potions
 h - a potion of lignification {unknown}
 v - a potion of agility {unknown}
 B - a potion of flight {unknown}
 C - 3 potions of heal wounds {unknown}


   Skills:
 + Level 3.9 Fighting
 + Level 2.2 Long Blades
 + Level 2.2 Armour
 + Level 1.6 Dodging
 + Level 0.4 Stealth
 + Level 3.0 Invocations


You had 3 spell levels left.
You didn't know any spells.

Dungeon Overview and Level Annotations

Branches:
Dungeon (3/15)

Altars:
Fedhas
Gozag
Vehumet
Xom


Innate Abilities, Weirdness & Mutations

You have a pair of small horns on your head.
You sometimes gain a little power by taking damage.


Message History

You headbutt the orc priest, but do no damage.
The orc priest is heavily wounded.
The orc priest closely misses you.
You barely miss the orc priest.
The orc priest is heavily wounded.
The orc priest hits you.
The orc priest invokes the aid of Beogh against you.
Something smites you!
You hit the orc priest.
You headbutt the orc priest, but do no damage.
The orc priest is heavily wounded.
The orc priest hits you but does no damage.
You hit the orc priest. You headbutt the orc priest.
The orc priest is almost dead.
The orc priest hits you but does no damage.
You closely miss the orc priest.
The orc priest is almost dead.
The orc priest invokes the aid of Beogh against you.
Something smites you!
You die...

### ## #.. .#
#.# #####.#
###.###.....#
...........#
#o###.....#
#.@.......###.##
#######.........
#...###.## #.###
##'## ##...##
##.....##
##.......##
#.........#


You could see an orc priest.

Vanquished Creatures
  Jessica (D:3)
  3 adders (D:2)
  2 worms (D:2)
  2 orcs (D:3)
  6 bats
  A giant cockroach (D:2)
  2 goblins
  2 hobgoblins
  8 jackals (D:2)
  4 kobolds
  3 rats
34 creatures vanquished.

Notes
Turn   | Place    | Note
--------------------------------------------------------------
     0 | Abyss:1  | Tyryt, the Demonspawn Abyssal Knight, began the quest for the Orb.
     0 | Abyss:1  | Reached XP level 1. HP: 18/18 MP: 1/1
     0 | D:1      | Escaped the Abyss
   264 | D:1      | Acquired Lugonu's first power
   521 | D:1      | Gained mutation: You have a pair of small horns on your head. [demonic ancestry]
   521 | D:1      | Reached XP level 2. HP: 21/24 MP: 2/2
   952 | D:2      | Reached skill level 1 in Dodging
   974 | D:2      | Gained mutation: You sometimes gain a little power by taking damage. [demonic ancestry]
   974 | D:2      | Reached XP level 3. HP: 24/29 MP: 4/4
  1015 | D:2      | Found a shimmering altar of Xom.
  1018 | D:2      | Found a blossoming altar of Fedhas.
  1049 | D:2      | Found a radiant altar of Vehumet.
  1051 | D:2      | Found an opulent altar of Gozag.
  1148 | D:2      | Reached XP level 4. HP: 17/37 MP: 6/6
  1149 | D:2      | Acquired Lugonu's second power
  1218 | D:3      | Noticed Jessica
  1229 | D:3      | Killed Jessica
  1268 | D:3      | Killed from afar by an orc priest

Action                   |  1- 3 |  4- 6 || total
-------------------------+-------+-------++-------
Melee: Falchion          |    92 |    18 ||   110
Invok: Depart the Abyss  |     1 |       ||     1
  Eat: Bread ration      |       |     1 ||     1
